AoeStats
← dunpeal30

Arena

509700989Analyzed
2v2 RM · 3d ago on Sep 27, 2026· 49m 20s· 4 players
Game mode
Random Map
Map size
Medium (4 player)
Population
200
Speed
Normal
Resources
Standard
Victory
Conquest
Starting age
Dark Age
Ending age
Imperial Age
RankedLock teamsTeams togetherTeam positionsShared explorationLock speedFull tech treeHidden civsTurbo modeCheats
Victory
Defeat
🇦🇺 Britons · Australia
1275
+13
🇧🇷 Dravidians · Brazil
1258
+14
🇩🇪 Spanish · Germany
1243
-15
🇫🇷 Varangians · France
1173
-12
tiagobellodi
10:20 Feudal Age
10:51 Double-Bit Axe
16:27 Castle Age
15:28 Stone Mining
19:25 Bow Saw
19:30 Loom
20:22 Wheelbarrow
20:16 Gold Mining
20:08 Horse Collar
22:44 Town Watch
29:28 Imperial Age
27:29 Heavy Plow
27:47 Fletching
28:25 Ballistics
27:43 Elite Skirmisher
27:59 Pikeman
29:00 Padded Archer Armor
28:56 Bodkin Arrow
29:48 Hand Cart
29:59 Scale Mail Armor
30:26 Bracer
29:52 Halberdier
31:36 Chain Mail Armor
31:51 Conscription
34:13 Chemistry
33:29 Leather Archer Armor
33:38 Squires
34:16 Forging
36:25 Ring Archer Armor
36:31 Iron Casting
38:00 Plate Mail Armor
38:13 Wootz Steel
41:24 Blast Furnace
40:42 Siege Elephant
42:44 Elite Urumi Swordsman
49:07 Arson
BeardyNath
7:32 Loom
11:05 Feudal Age
13:10 Wheelbarrow
12:30 Double-Bit Axe
12:28 Horse Collar
16:18 Castle Age
15:04 Padded Archer Armor
15:15 Forging
17:15 Bow Saw
17:26 Heavy Plow
20:41 Hand Cart
22:52 Gold Mining
24:03 Stone Mining
25:22 Fletching
29:25 Imperial Age
27:27 Treadmill Crane
28:47 Bodkin Arrow
29:14 Ballistics
30:04 Leather Archer Armor
30:27 Murder Holes
30:38 Siege Engineers
32:01 Bracer
32:15 Masonry
33:42 Scale Mail Armor
33:23 Pikeman
34:08 Halberdier
35:17 Chain Mail Armor
36:09 Conscription
37:38 Elite Longbowman
38:49 Ring Archer Armor
41:52 Two-Man Saw
41:50 Hoardings
42:05 Yeomen
42:38 Squires
43:10 Caravan
45:01 Chemistry
44:32 Architecture
44:45 Plate Mail Armor
48:02 Man-at-Arms
48:28 Gambesons
48:54 Forging
ElectroPower84
10:52 Feudal Age
11:27 Feudal Age
12:11 Horse Collar
15:03 Castle Age
12:48 Horse Collar
13:54 Double-Bit Axe
17:34 Bow Saw
18:17 Wheelbarrow
21:39 Hand Cart
23:17 Heavy Plow
23:24 Loom
23:42 Gold Mining
27:03 Bloodlines
27:00 Scale Barding Armor
27:06 Forging
29:32 Imperial Age
27:05 Husbandry
27:11 Stone Mining
27:17 Fletching
27:44 Masonry
27:17 Treadmill Crane
27:48 Masonry
27:59 Ballistics
27:54 Town Watch
28:52 Chain Barding Armor
29:09 Iron Casting
28:33 Vendel Legacy
30:30 Cavalier
32:10 Plate Barding Armor
34:19 Scale Mail Armor
34:26 Squires
34:11 Gambesons
34:48 Town Patrol
37:53 Chain Mail Armor
38:43 Conscription
37:48 Elite Varangian Guard
39:17 Plate Mail Armor
39:48 Blast Furnace
38:36 Light Cavalry
39:42 Fletching
40:29 Padded Archer Armor
41:57 Crop Rotation
41:20 Elite Skirmisher
41:24 Hussar
42:53 Bodkin Arrow
43:21 Guilds
44:37 Architecture
46:10 Bracer
46:25 Leather Archer Armor
48:36 Chemistry
dunpeal30
11:01 Feudal Age
14:40 Castle Age
12:42 Double-Bit Axe
13:02 Horse Collar
16:53 Bow Saw
17:28 Fervor
20:48 Heavy Plow
27:53 Sanctity
31:24 Imperial Age
29:31 Wheelbarrow
29:54 Redemption
30:04 Inquisition
30:25 Gold Mining
31:10 Bloodlines
31:01 Husbandry
32:30 Block Printing
32:54 Theocracy
33:34 Fletching
36:40 Chemistry
36:00 Ballistics
36:52 Bodkin Arrow
36:51 Elite Skirmisher
37:37 Thumb Ring
37:33 Padded Archer Armor
37:34 Bracer
37:24 Loom
37:55 Hand Cart
38:38 Padded Archer Armor
45:35 Leather Archer Armor
48:42 Ring Archer Armor
Connection lost

Rejoining the realm…

Still unreachable

The connection could not be restored.

Session expired

The server has moved on; the page needs a fresh start.